 Dungeon Crawl Stone Soup version 0.26.1-11-gd32895ea62 (webtiles) character file.

Game seed: 18344802233774314844

97 Ijustatesigmund the Ducker (level 4, -2/31 HPs)
             Began as an Octopode Fighter on July 1, 2021.
             Slain by a jackal (3 damage)
             ... on level 2 of the Dungeon.
             The game lasted 00:02:40 (1951 turns).

Ijustatesigmund the Ducker (Octopode Fighter)       Turns: 1951, Time: 00:02:40

Health: -2/31      AC:  1    Str: 15    XL:     4   Next: 68%
Magic:  4/4        EV: 12    Int: 10    God:
Gold:   67         SH:  9    Dex: 12    Spells: 3/3 levels left

rFire    + . .     SeeInvis .   a - +0 war axe
rCold    + . .     Faith    .   b - +0 kite shield
rNeg     . . .     Spirit   .   (helmet restricted)
rPois    +         Reflect  .   (no amulet)
rElec    +         Harm     .   (no ring)
rCorr    +         Rampage  .   (no ring)
Will     .....                  (no ring)
Stlth    ++........             (no ring)
HPRegen  0.10/turn              (no ring)
MPRegen  0.09/turn              (no ring)
                                (no ring)
                                (no ring)

@: lethally poisoned (-2 -> -9), about to teleport, resistant
A: almost no armour, stealthy swim, amphibious, 8 rings, constrict 8, camouflage
1, gelatinous body 1
a: no special abilities


You were on level 2 of the Dungeon.
You visited 1 branch of the dungeon, and saw 2 of its levels.

You collected 67 gold pieces.

Inventory:

Hand Weapons
 a - a +0 war axe (weapon)
Armour
 b - a +0 kite shield (worn)
Wands
 d - a wand of paralysis (21)
Scrolls
 e - 2 scrolls of identify
 g - a scroll of remove curse {unknown}
Potions
 c - a potion of resistance


   Skills:
 + Level 3.5 Fighting
 * Level 3.3 Axes
 + Level 3.5 Dodging
 + Level 3.5 Shields


You had 3 spell levels left.
You didn't know any spells.
Your spell library was empty.

Dungeon Overview and Level Annotations

Branches:
Dungeon (2/15)

Altars:
Ashenzari


Innate Abilities, Weirdness & Mutations

You cannot wear most types of armour.
You are very stealthy in the water. (Stealth+)
You are amphibious.
You can wear up to eight rings at the same time.
You can use your tentacles to constrict eight enemies at once.
Your skin changes colour to match your surroundings (Stealth+).
Your rubbery body absorbs attacks. (AC +1, EV +1)


Message History

The adder closely misses you. The jackal barely misses you.
The adder barely misses you. You block the jackal's attack.
The adder bites you.
* * * LOW HITPOINT WARNING * * *
The adder bites you.
* * * LOW HITPOINT WARNING * * *
The jackal closely misses you.
As you read the scroll labelled SEIXTA HOFF, it crumbles to dust.
You feel strangely unstable.
It was a scroll of teleportation.
You constrict the adder.
* * * LOW HITPOINT WARNING * * *
You feel sick. The jackal closely misses you. You block the adder's attack.
The jackal bites you.
* * * LOW HITPOINT WARNING * * *
You block the adder's attack. The jackal closely misses you.
You release your grip on the adder.
* * * LOW HITPOINT WARNING * * *
You feel sick. You block the jackal's attack. The adder barely misses you.
The jackal bites you.
You die...

#########......... ##
#......... # #####.######
# #.....÷.# # #.......# #
########.....>.########
#..<..................#
#......h.......######.#
#......Sh@.....######.####
#......†S####.............
#........# #.........÷.##
#........# #.......).....
#......... #........÷...÷
#.......... #.........÷.#.
#[...(..... #..........)#.
########....#...........#.
#...........#.


You could see 2 adders and 2 jackals.

Vanquished Creatures
  Terence (D:2)
  An adder (D:2)
  An ooze (D:1)
  A worm (D:2)
  3 dart slugs
  2 leopard geckos (D:2)
  2 ball pythons
  5 bats
  2 giant cockroaches
  6 goblins
  7 hobgoblins
  A jackal (D:2)
  5 frilled lizards (D:2)
  3 kobolds (D:1)
  9 rats
49 creatures vanquished.

Notes
Turn   | Place    | Note
-------+----------+-------------------------------------------
     0 | D:1      | Ijustatesigmund the Octopode Fighter began the quest for
                  | the Orb.
     0 | D:1      | Reached XP level 1. HP: 16/16 MP: 1/1
     1 | D:1      | Noticed a large abomination
     4 | D:1      | Noticed a red draconian
     7 | D:1      | Noticed a large abomination
     8 | D:1      | Noticed an orb of fire
     9 | D:1      | Noticed a green draconian
    11 | D:1      | Noticed a purple draconian
    15 | D:1      | Noticed an orb of fire
    15 | D:1      | Noticed an orb of fire
    17 | D:1      | Noticed a yellow draconian
    19 | D:1      | Noticed an ice dragon
    21 | D:1      | Noticed a green draconian
   119 | D:1      | Reached XP level 2. HP: 21/21 MP: 2/2
   720 | D:1      | Reached XP level 3. HP: 26/26 MP: 3/3
  1297 | D:2      | Found a broken altar of Ashenzari.
  1337 | D:2      | Noticed Terence
  1345 | D:2      | Killed Terence
  1346 | D:2      | Reached XP level 4. HP: 24/31 MP: 4/4
  1950 | D:2      | HP: 1/31 [poisoned by an adder]
  1951 | D:2      | Slain by a jackal

Illustrated notes

Levels and vault maps discovered:
D:1:      shiori_arrival_whats_in_store_for_you, layout_rooms
D:2:      layout_basic, ashenzari_altar_1, uniq_terence

Skill      XL: |  1  2  3 |
---------------+----------+-----
Axes           | 3 |  3.3
Fighting       | |  3.5
Dodging        | |  3.5
Shields        | |  3.5

Action                   |  1- 3 |  4- 6 || total
-------------------------+-------+-------++-------
Melee: War axe           |    48 |    30 ||    78
       Tentacles         |     8 |     3 ||    11
       Constrict         |    13 |    10 ||    23
  Use: Potion            |     2 |     1 ||     3
       Scroll            |       |     2 ||     2
 Stab: Sleeping          |     6 |     4 ||    10
Armor: Skin              |     3 |     1 ||     4
Dodge: Dodged            |    20 |    20 ||    40
Block: Kite shield       |    25 |    22 ||    47
